 Dungeon Crawl Stone Soup version 0.28-a0-440-ge3cd3e9c68 (webtiles) character file.

Game seed: 4186844588601580310

92 zero the Conjurer (level 4, 0/28 HPs)
             Began as an Octopode Conjurer on Sept 11, 2021.
             Slain by a gnoll (5 damage)
             ... on level 2 of the Dungeon.
             The game lasted 00:01:50 (2026 turns).

zero the Conjurer (Octopode Conjurer)               Turns: 2026, Time: 00:01:50

Health: 0/28       AC:  1    Str:  6    XL:     4   Next: 60%
Magic:  0/7        EV: 13    Int: 21    God:
Gold:   24         SH:  0    Dex: 10    Spells: 1/8 levels left

rFire   . . .      SeeInvis .     - Unarmed
rCold   . . .      Faith    .   (no shield)
rNeg    . . .      Spirit   .   (helmet restricted)
rPois   .          Reflect  .   (no amulet)
rElec   .          Harm     .   (no ring)
rCorr   .          Rampage  .   (no ring)
Will    .....                   (no ring)
Stlth   +++.......              (no ring)
HPRegen 0.09/turn               (no ring)
MPRegen 0.10/turn               (no ring)
                                (no ring)
                                (no ring)

@: no status effects
A: almost no armour, amphibious, 8 rings, camouflage 1, gelatinous body 1,
(nimble swimmer 1), tentacles
a: no special abilities


You were on level 2 of the Dungeon.
You visited 1 branch of the dungeon, and saw 2 of its levels.

You collected 24 gold pieces.

Inventory:

Scrolls
 b - a scroll of identify {unknown}
Potions
 a - 2 potions of magic {unknown}
 c - a potion of flight {unknown}


   Skills:
 + Level 1.1 Fighting
 + Level 2.6 Dodging
 + Level 3.6 Stealth
 + Level 1.2 Unarmed Combat
 + Level 2.5 Spellcasting
 + Level 4.3 Conjurations
 + Level 0.3 Translocations


You had one spell level left.
You knew the following spells:

 Your Spells              Type           Power      Damage    Failure   Level
a - Magic Dart            Conj           84%        1d7       2%          1
b - Searing Ray           Conj           42%        2d6       3%          2
c - Iskenderun's Mystic   Conj/Tloc      12%        2d5       47%         4

Your spell library contained the following spells:

 Spells                   Type           Power      Damage    Failure   Level
 Dazzling Flash           Conj/Hex       22%        N/A       17%         3
 Fulminant Prism          Conj/Hex       5%         3d7       50%         4


Dungeon Overview and Level Annotations

Branches:
Dungeon (2/15)

Altars:


Innate Abilities, Weirdness & Mutations

You cannot wear most types of armour.
You are amphibious.
You can wear up to eight rings at the same time.
Your skin changes colour to match your surroundings (Stealth+).
Your rubbery body absorbs attacks. (AC +1, EV +1)
((You are camouflaged near water. (Stealth+)))
You have tentacles for arms and can constrict up to eight enemies at once.


Message History

HP restored.
No target in view!
Done exploring.
There is a stone staircase leading down here.
You can't see any susceptible monsters within range! (Use Z to cast anyway.)
You climb downwards.
The adder barely misses you. The adder bites you.
There is a stone staircase leading up here.
Casting: Searing Ray (safe; 3% risk of failure)
Confirm with . or Enter, or press ? or * to list all spells.
Aiming: Searing Ray (safe; 3% risk of failure)
Press: ? - help, Shift-Dir - straight line, f - adder
Aim: an adder (63% to hit)
The searing ray hits the adder.
The adder is heavily wounded. (Press . to maintain the ray.)
The adder bites you. The adder completely misses you.
The searing ray hits the adder.
The adder is severely wounded.
The adder closely misses you.
The searing ray hits the adder!
You kill the adder!
The gnoll barely misses you.
Casting: Searing Ray (safe; 3% risk of failure)
Confirm with . or Enter, or press ? or * to list all spells.
Restarting spell: Searing Ray (safe; 3% risk of failure)
Press: ? - help, Shift-Dir - straight line, f - gnoll
Aim: a gnoll, wielding a +0 spear (81% to hit)
The searing ray hits the gnoll.
The gnoll is moderately wounded. (Press . to maintain the ray.)
The gnoll hits you from afar with a +0 spear.
The searing ray hits the gnoll.
The gnoll is severely wounded.
The gnoll hits you from afar with a +0 spear!
* * * LOW HITPOINT WARNING * * *
Without enough magic to sustain it, your searing ray dissipates.
The gnoll hits you from afar with a +0 spear.
* * * LOW HITPOINT WARNING * * *
The gnoll hits you from afar with a +0 spear.
You die...

#.#.#. ..#<#
...#. ..>. ...
..# #
#.########.###..#
#.....)..†.)....#
##.###........<.#
#g# #.###.##...#
#.###.###.# ..#
#@........# #
#†###...... #.#
#..#### #.# #..#
... .... ... ...
.####


You could see a gnoll.

Vanquished Creatures
  3 gnolls
  3 adders (D:2)
  A dart slug (D:2)
  3 bats (D:1)
  4 endoplasms
  2 giant cockroaches (D:1)
  3 goblins
  2 hobgoblins (D:1)
  2 jackals (D:1)
  A kobold (D:2)
  2 quokkas (D:1)
  3 ball pythons (D:2)
  A frilled lizard (D:1)
  5 rats (D:1)
35 creatures vanquished.

Notes
Turn   | Place    | Note
-------+----------+-------------------------------------------
     0 | D:1      | zero the Octopode Conjurer began the quest for the Orb.
     0 | D:1      | Reached XP level 1. HP: 11/11 MP: 3/3
   130 | D:1      | Found a faded altar of an unknown god.
   290 | D:1      | Reached XP level 2. HP: 17/17 MP: 3/5
   293 | D:1      | Learned a level 2 spell: Searing Ray
   848 | D:1      | Reached XP level 3. HP: 4/22 MP: 1/6
  1771 | D:2      | Reached skill level 1 in Fighting
  1771 | D:2      | Reached skill level 1 in Unarmed Combat
  1771 | D:2      | Reached XP level 4. HP: 28/28 MP: 4/7
  1776 | D:2      | Learned a level 4 spell: Iskenderun's Mystic Blast
  2026 | D:2      | Slain by a gnoll

Illustrated notes

Levels and vault maps discovered:
D:1:      eino_arrival_tree_alley, layout_basic,
          dreamdust_ecumenical_altar_grove
D:2:      layout_loops_ring, minmay_tetromino_t4

Skill      XL: |  1  2  3 |
---------------+----------+-----
Stealth        | 3 |  3.6
Fighting       | 1 |  1.1
Unarmed Combat | 1 |  1.2
Dodging        | |  2.6
Spellcasting   | |  2.5
Conjurations   | |  4.3
Translocations | |  0.3

Action                   |  1- 3 |  4- 6 || total
-------------------------+-------+-------++-------
Melee: Unarmed           |    32 |     3 ||    35
       Constrict         |     8 |     1 ||     9
       Tentacles         |     3 |       ||     3
 Cast: Magic Dart        |    45 |     8 ||    53
       Searing Ray       |     2 |     4 ||     6
 Stab: Sleeping          |     3 |       ||     3
Armor: Skin              |     3 |       ||     3
Dodge: Dodged            |    32 |    12 ||    44

Table legend: (Time is in decaauts)
 A = Elapsed time spent in this place.
 B = Non-inter-level travel time spent in this place.
 C = Inter-level travel time spent in this place.
 D = Time resting spent in this place.
 E = Time spent auto-exploring this place.
 F = Levels seen in this place.
 G = Mean time per level.
                   A        B        C        D        E       F      G
               +--------+--------+--------+--------+--------+-----+--------+
         Total |   2028 |   1954 |     74 |    639 |   1057 |   2 | 1014.0 |
       Dungeon |   2028 |   1954 |     74 |    639 |   1057 |   2 | 1014.0 |
               +--------+--------+--------+--------+--------+-----+--------+

Top non-repeatable levels by time:
     D:1: 1782 daAuts
     D:2: 246 daAuts
